 Dungeon Crawl Stone Soup version 0.17.0-9-g801d43b (console) character file.

7 gw the Grave Robber (level 1, 14/14 HPs)
             Began as a Vampire Necromancer on Nov 9, 2015.
             Quit the game on level 1 of the Dungeon.
             The game lasted 00:03:55 (527 turns).

gw the Grave Robber (Vampire Necromancer)            Turns: 527, Time: 00:03:55

Health: 14/14      AC:  2    Str:  7    XL:     1   Next: 91%
Magic:  3/3        EV: 12    Int: 17    God:
Gold:   38         SH:  0    Dex: 14    Spells: 2 memorised, 2 levels left

rFire  . . .     SeeInvis +     b - +0 dagger
rCold  . . .     Clarity  .     a - +0 robe
rNeg   + . .     SustAt   .     (no shield)
rPois  .         Gourm    .     (no helmet)
rElec  .         Spirit   .     (no cloak)
rCorr  .         Warding  .     (no gloves)
rMut   .         Stasis   .     (no boots)
MR     .....                    (no amulet)
Stlth  ++........               (no ring)
                                (no ring)

@: not resistant to hostile enchantments, unstealthy
A: fangs 3, see invisible, unbreathing
a: no special abilities


You were on level 1 of the Dungeon.
You were not thirsty.

You visited 1 branch of the dungeon, and saw 1 of its levels.

You collected 38 gold pieces.

Inventory:

Hand Weapons
 b - a +0 dagger (weapon)
Armour
 a - a +0 robe (worn)
Potions
 c - a potion of blood
Books
 d - a book of Necromancy

   Spells                             Type                      Level
   a - Pain                           Necromancy                   1
   b - Animate Skeleton               Necromancy                   1
   c - Vampiric Draining              Necromancy                   3
   d - Regeneration                   Charms/Necromancy            3
   e - Animate Dead                   Necromancy                   4
   f - Control Undead                 Necromancy                   4


   Skills:
 + Level 0.3 Fighting
 + Level 0.2 Short Blades
 + Level 0.2 Armour
 - Level 2.1 Dodging
 - Level 3.0 Stealth
 * Level 2.1 Spellcasting
 + Level 4.5 Necromancy


You had 2 spell levels left.
You knew the following spells:

 Your Spells              Type           Power        Failure   Level  Hunger
a - Pain                  Necr           ###.         2%          1    #......
b - Animate Skeleton      Necr           N/A          2%          1    #......


Dungeon Overview and Level Annotations

Branches:
Dungeon (1/15)

Altars:


Innate Abilities, Weirdness & Mutations

You have razor-sharp teeth.
You have supernaturally acute eyesight.
You can survive without breathing.


Message History

Search for what [Enter for "@corpse|skeleton&&!!gold", or ? for help]? @corpse|skeleton&&!!gold Unknown command.
Search for what [Enter for "@corpse|skeleton&&!!gold", or ? for help]? @corpse|skeleton&&!!gold Unknown command.
Search for what [Enter for "@corpse|skeleton&&!!gold", or ? for help]? @corpse|skeleton&&!!gold Unknown command.
Search for what [Enter for "@corpse|skeleton&&!!gold", or ? for help]? @corpse|skeleton&&!!gold Unknown command.
Search for what [Enter for "@corpse|skeleton&&!!gold", or ? for help]? @corpse|skeleton&&!!gold Unknown command.
Search for what [Enter for "@corpse|skeleton&&!!gold", or ? for help]? @corpse|skeleton&&!!gold Unknown command.
Search for what [Enter for "@corpse|skeleton&&!!gold", or ? for help]? @corpse|skeleton&&!!gold Unknown command.
Search for what [Enter for "@corpse|skeleton&&!!gold", or ? for help]? @corpse|skeleton&&!!gold Unknown command.
Search for what [Enter for "@corpse|skeleton&&!!gold", or ? for help]? @corpse|skeleton&&!!gold Unknown command.
Infinite lua loop detected, aborting.
Are you sure you want to abandon this character and quit the game? (Confirm with "yes".)

.# #.. #.. #. ..# #.#
# .. #.# ##. .# #.#
#.##.##.#.. # #.#
#..V...$..#
####.#####.#
#.##.##.###
...........###..#.#.#
.###.......Z.......#
.# #####..###.#####
.####...#.Z###.###
.##.......ZZ......
.##...>....###.###
...............#


There were no monsters in sight!

Table legend:
 A = Turns spent in this place as a percentage of turns spent in the entire game.
 B = Non-inter-level travel turns spent in this place as a percentage of non-inter-level travel turns spent in the entire game.
 C = Inter-level travel turns spent in this place as a percentage of turns spent in this place.
 D = Turns resting spent in this place as a percentage of non-inter-level travel turns spent in this place.
 E = Turns spent auto-exploring this place as a percentage of non-inter-level travel turns spent in this place.
 F = Non-inter-level travel turns spent in this place divided by the number of levels of this place that you've seen.
                   A       B       C       D       E      F
               +-------+-------+-------+-------+-------+----------------------
         Total | 100.0 | 100.0 |   0.2 |   0.9 |   0.8 | 3044.0
       Dungeon | 100.0 | 100.0 |   0.2 |   0.9 |   0.8 | 3044.0
               +-------+-------+-------+-------+-------+----------------------

Table legend:
 A = Kills in this place as a percentage of kills in entire the game.
 B = Kills by you in this place as a percentage of kills by you in the entire game.
 C = Kills by friends in this place as a percentage of kills by friends in the entire game.
 D = Other kills in this place as a percentage of other kills in the entire game.
 E = Experience gained in this place as a percentage of experience gained in the entire game.
 F = Experience gained in this place divided by the number of levels of this place that you have seen.
                   A       B       C       D       E      F
               +-------+-------+-------+-------+-------+----------------------
         Total | 100.0 | 100.0 |  -nan |  -nan | 100.0 |  11.0
       Dungeon | 100.0 | 100.0 |  -nan |  -nan | 100.0 |  11.0
               +-------+-------+-------+-------+-------+----------------------

Vanquished Creatures
  A giant cockroach (D:1)
  A hobgoblin (D:1)
  A ball python (D:1)
  4 goblins (D:1)
7 creatures vanquished.

Notes
Turn   | Place    | Note
--------------------------------------------------------------
     0 | D:1      | gw the Vampire Necromancer began the quest for the Orb.
     0 | D:1      | Reached XP level 1. HP: 13/13 MP: 3/3
     2 | D:1      | Learned a level 1 spell: Animate Skeleton
   527 | D:1      | Quit the game

Action                   || total
-------------------------++-------
Melee: Dagger            ||     5
 Cast: Pain              ||    10
       Animate Skeleton  ||     2

Vault maps used:
D:1:      minmay_arrival_glassed_features
